 Dungeon Crawl Stone Soup version 0.28.0-43-g3370ac3207 (webtiles) character file.

Game seed: 2155979537946356306

98 issech the Cudgeller (level 4, 0/45 HPs)
             Began as a Troll Monk on Mar 16, 2022.
             Slain by Pikel
             ... wielding a +0 whip of flaming
              (1 damage)
             ... on level 3 of the Dungeon.
             The game lasted 00:08:07 (2427 turns).

issech the Cudgeller (Troll Monk)                   Turns: 2427, Time: 00:08:08

Health: 0/45       AC:  4    Str: 19    XL:     4   Next: 44%
Magic:  3/3        EV: 10    Int:  6    God:
Gold:   126        SH:  0    Dex: 14    Spells: 3/3 levels left

rFire   . . .      SeeInvis .   m - +1 mace (vorpal)
rCold   . . .      Faith    .   (no shield)
rNeg    . . .      Spirit   .   b - +0 robe
rPois   .          Reflect  .   (helmet restricted)
rElec   .          Harm     .   (no cloak)
rCorr   .          Rampage  .   (gloves unavailable)
Will    .....                   (boots unavailable)
Stlth   ++........              (no amulet)
HPRegen 0.95/turn               (no ring)
MPRegen 0.08/turn               (no ring)

@: no status effects
A: large, unfitting armour, claws 3, regeneration 1, shaggy fur 1, tough skin 1
a: no special abilities


You were on level 3 of the Dungeon.
You visited 1 branch of the dungeon, and saw 4 of its levels.

You collected 126 gold pieces.

Inventory:

Hand Weapons
 a - a +0 mace
 e - a +0 vorpal hand axe
 l - a +1 short sword of flaming
 m - a +1 vorpal mace (weapon)
 q - a +3 war axe
Missiles
 c - 63 arrows
 d - 67 stones (quivered)
 g - 13 bolts
 h - 4 poisoned darts
 p - 23 sling bullets
Armour
 b - a +0 robe (worn)
Magical Staves
 n - a staff of death
Scrolls
 i - 2 scrolls of identify {unknown}
 o - a scroll of teleportation {unknown}
Potions
 f - a potion of resistance {unknown}
 j - a potion of cancellation {unknown}
 k - a potion of ambrosia {unknown}


   Skills:
 + Level 3.0 Fighting
 + Level 3.6 Maces & Flails
 + Level 3.1 Dodging
 + Level 1.2 Stealth


You had 3 spell levels left.
You didn't know any spells.
Your spell library contained the following spells:

 Spells                   Type           Power      Damage    Failure   Level
 Sublimation of Blood     Necr           0%         N/A       58%         2
 Wereblood                Tmut           0%         N/A       58%         2
 Summon Hydra             Summ           0%         N/A       100%        7


Dungeon Overview and Level Annotations

Branches:
Dungeon (4/15)
 Temple: D:4-7

Altars:
Sif Muna

Shops:
D:3 (

Annotations:
D:3 Pikel


Innate Abilities, Weirdness & Mutations

You are too large for most types of armour.
You have claws for hands.
Your natural rate of healing is unusually fast.
You are covered in fur. (AC +1)
You have tough skin. (AC +1)


Message History

Pikel burns you.
You closely miss Pikel. Pikel hits you but does no damage.
The lemure misses you.
There is a stone staircase leading up here.
Okay, then.
Pikel hits you with a +0 whip of flaming!
Pikel burns you.
You climb upwards.
There is a stone staircase leading down here.
You hit the lemure but do no damage. You hit Pikel but do no damage.
You sock Pikel!
Pikel is moderately wounded.
Pikel closely misses you.
You miss Pikel.
Pikel is moderately wounded.
Pikel closely misses you.
Pikel hits you with a +0 whip of flaming.
Pikel burns you.
You barely miss Pikel.
Pikel is moderately wounded.
Pikel hits you with a +0 whip of flaming!
Pikel burns you.
You hit Pikel.
Pikel is moderately wounded.
Pikel hits you with a +0 whip of flaming!
Pikel burns you.
* * * LOW HITPOINT WARNING * * *
You hit Pikel but do no damage.
Pikel is moderately wounded.
Pikel hits you with a +0 whip of flaming.
* * * LOW HITPOINT WARNING * * *
Pikel burns you.
* * * LOW HITPOINT WARNING * * *
You thump Pikel!
Pikel is severely wounded.
Pikel hits you with a +0 whip of flaming!
* * * LOW HITPOINT WARNING * * *
Pikel burns you.
You die...

###########
######.........###
....†.........5K@#
##.###.........###
#.# #^........#
#.# #.........#
#########......#
......###......#
......'_########
......### #######


You could see Pikel and a lemure.

Vanquished Creatures
  A hound skeleton (D:2)
  An adder (D:3)
  A shadow imp (D:4)
  A dart slug (D:1)
  An orc (D:3)
  2 bats
  5 endoplasms
  2 giant cockroaches (D:2)
  10 goblins
  4 hobgoblins
  3 jackals (D:1)
  A quokka (D:2)
  8 ball pythons
  A frilled lizard (D:1)
  8 kobolds
  8 rats
57 creatures vanquished.

Notes
Turn   | Place    | Note
-------+----------+-------------------------------------------
     0 | D:1      | issech the Troll Monk began the quest for the Orb.
     0 | D:1      | Reached XP level 1. HP: 22/22 MP: 0/0
   149 | D:1      | Reached XP level 2. HP: 28/29 MP: 1/1
   617 | D:2      | Reached XP level 3. HP: 36/36 MP: 2/2
   787 | D:2      | Found a faded altar of an unknown god.
  1661 | D:3      | Reached XP level 4. HP: 44/44 MP: 3/3
  1751 | D:3      | Found a shimmering blue altar of Sif Muna.
  2020 | D:3      | Found Kamaguil's Antique Weapon Emporium.
  2364 | D:4      | Noticed a lemure
  2364 | D:4      | Noticed Pikel
  2365 | D:4      | Noticed a lemure
  2366 | D:4      | Noticed a yak
  2381 | D:4      | Noticed a lemure
  2427 | D:3      | HP: 1/45 [Pikel/+0 whip of flaming (7)]
  2427 | D:3      | Slain by Pikel

Illustrated notes

Levels and vault maps discovered:
D:1:      eino_arrival_druids_welcome, layout_basic
D:2:      minmay_chambers_of_ones, layout_loops_ring,
          chequers_ecumenical_altar_twisty
D:3:      layout_basic, lemuel_blue_sif_altar, serial_shops,
          nicolae_shop_window_shopping
D:4:      layout_gridville, nicolae_overflow_hidden_temple, enter_ossuary_4,
          uniq_menkaure, uniq_duvessa, uniq_eustachio, uniq_pikel

Skill      XL: |  1  2  3  4 |
---------------+-------------+-----
Maces & Flails | 3 |  3.6
Dodging        | 3 |  3.1
Fighting       | 3 |  3.0
Stealth        | |  1.2

Action                   |  1- 3 |  4- 6 || total
-------------------------+-------+-------++-------
Melee: Mace              |   139 |    43 ||   182
       Punch             |     3 |       ||     3
 Stab: Sleeping          |     3 |       ||     3
Armor: Robe              |    67 |     9 ||    76
Dodge: Dodged            |    83 |    19 ||   102
